 Dungeon Crawl Stone Soup version 0.18.1-8-gdd0e5ea (webtiles) character file.

24 Gargoyl the Skirmisher (level 2, -5/24 HPs)
             Began as a Demonspawn Abyssal Knight on May 26, 2016.
             Was a Follower of Lugonu.
             Slain by Sigmund
             ... wielding a +4 scythe of freezing
              (7 damage)
             ... on level 2 of the Dungeon.
             The game lasted 00:02:32 (1531 turns).

Gargoyl the Skirmisher (Demonspawn Abyssal Knight)  Turns: 1531, Time: 00:02:32

Health: -5/24      AC:  9    Str: 12    XL:     2   Next: 79%
Magic:  4/4        EV:  4    Int: 13    God:    Lugonu [*.....]
Gold:   162        SH:  0    Dex: 12    Spells: 0 memorised, 1 level left

rFire  . . .     SeeInvis .     a - +2 hand axe
rCold  . . .     Gourm    .     e - +0 chain mail
rNeg   . . .     Faith    .     k - +0 buckler
rPois  .         Spirit   .     (no helmet)
rElec  .         Dismiss  .     (no cloak)
rCorr  .         Reflect  .     d - +0 pair of gloves
SustAt .         Harm     .     (no boots)
MR     .....                    (no amulet)
Stlth  ..........               (no ring)
                                (no ring)

@: confused, not resistant to hostile enchantments, extremely unstealthy
A: demonic guardian 1
a: Depart the Abyss, Renounce Religion


You were on level 2 of the Dungeon.
You worshipped Lugonu.
Lugonu was aware of your devotion.
You were not hungry.

You visited 1 branch of the dungeon, and saw 2 of its levels.
You visited the Abyss 1 time.

You collected 162 gold pieces.

Inventory:

Hand Weapons
 a - a +2 hand axe (weapon)
 h - a cursed +0 spear
Armour
 d - a +0 pair of gloves (worn)
 e - a +0 chain mail (worn)
 k - a +0 buckler (worn)
Scrolls
 j - 2 scrolls of remove curse
 m - a scroll of enchant armour {unknown}
Potions
 f - a potion of might {unknown}
 g - a potion of mutation {unknown}
 l - 2 potions of degeneration {unknown}
Comestibles
 b - a royal jelly
 c - 2 bread rations
 i - a slice of pizza


   Skills:
 + Level 3.4 Fighting
 + Level 2.0 Axes
 * Level 2.1 Armour
 + Level 1.0 Dodging
 + Level 0.1 Shields
 + Level 2.7 Invocations


You had one spell level left.
You didn't know any spells.

Dungeon Overview and Level Annotations

Branches:
Dungeon (2/15)

Altars:

Annotations:
D:2 Sigmund


Innate Abilities, Weirdness & Mutations

A weak demonic guardian rushes to your aid.


Message History

You continue eating. x2
You now have 162 gold pieces (gained 8).
Sigmund the Dreaded comes into view.
He is wielding a scythe of freezing.
Sigmund shouts!
Sigmund casts a spell.
Sigmund flickers and vanishes!
Deactivating autopickup; reactivate with Ctrl-A.
Found a stone staircase leading down.
You are confused.
A puff of flame appears from out of thin air!
The puff of flame hits you!
A giant gecko comes into view.
The giant gecko hisses menacingly.
You hear some strange, mumbled words.
Something tries to affect you, but you resist.
Something hits you!
Ouch! That really hurt!
* * * LOW HITPOINT WARNING * * *
Something freezes you!
You die...

... .. .... #.#.....
#.... ... #.#.# #.#
#.#l# #.# ###.#.##
#.######## #.....#.#
##.......#
###...@.##.###.######.#
#.......# #.#.## #.#
#.#.....####.## #.#
#.#..........# #.#
.....$......## #.#
##.#.!.####.# #.#
#.#.>.# #.# #.# # ###.#
#.# #.# #.
#.#########.#


You could see a giant gecko.

Vanquished Creatures
  A giant gecko (D:1)
  3 bats (D:1)
  3 giant cockroaches
  4 goblins
  2 hobgoblins (D:1)
  2 kobolds (D:1)
  2 ball pythons (D:1)
  A giant newt (D:1)
  2 rats (D:1)
20 creatures vanquished.

Notes
Turn   | Place    | Note
--------------------------------------------------------------
     0 | Abyss:1  | Gargoyl the Demonspawn Abyssal Knight began the quest for the Orb.
     0 | Abyss:1  | Reached XP level 1. HP: 18/18 MP: 2/2
    37 | Abyss:1  | Found a corrupted altar of Lugonu.
   142 | Abyss:3  | Noticed a boulder beetle
   143 | Abyss:3  | Found a bloodstained altar of Trog.
   144 | Abyss:3  | Noticed a thrashing horror
   145 | Abyss:3  | Noticed a giant leech
   147 | D:1      | Escaped the Abyss
   456 | D:1      | Reached * piety under Lugonu
   587 | D:1      | Gained mutation: A weak demonic guardian rushes to your aid. [demonic ancestry]
   587 | D:1      | Reached XP level 2. HP: 13/24 MP: 3/3
  1440 | D:2      | Reached skill level 1 in Dodging
  1526 | D:2      | Noticed Sigmund
  1531 | D:2      | Slain by Sigmund

Skill      XL: |  1  2 |
---------------+-------+-----
Armour         | 2 |  2.1
Axes           | 2 |  2.0
Dodging        | 1 |  1.0
Fighting       | |  3.4
Shields        | |  0.1
Invocations    | |  2.7

Action                   || total
-------------------------++-------
Melee: Hand axe          ||    71
Invok: Depart the Abyss  ||     1
  Use: Scroll            ||     4
  Eat: Chunk             ||     2
Armor: Leather armour    ||     7
       Chain mail        ||    43
Dodge: Dodged            ||    26
Block: Buckler           ||     7
